 Dungeon Crawl Stone Soup version 0.21.1-1-g345015f (webtiles) character file.

1125 diana the Cruncher (level 8, 0/62 HPs)
             Began as a Minotaur Gladiator on June 3, 2018.
             Killed from afar by an orc wizard (10 damage)
             ... with a magic dart
             ... on level 5 of the Dungeon.
             The game lasted 00:06:53 (3286 turns).

diana the Cruncher (Minotaur Gladiator)             Turns: 3286, Time: 00:06:54

Health: 0/62       AC:  3    Str: 20    XL:     8   Next: 13%
Magic:  7/7        EV: 13    Int:  5    God:
Gold:   234        SH:  0    Dex: 13    Spells: 7/7 levels left

rFire    . . .     SeeInvis .   a - +0 quarterstaff
rCold    . . .     Gourm    .   (shield currently unavailable)
rNeg     . . .     Faith    .   b - +0 leather armour
rPois    +         Spirit   .   c - +0 hat
rElec    .         Reflect  .   (no cloak)
rCorr    .         Harm     .   (no gloves)
MR       .....                  (no boots)
Stlth    +.........             (no amulet)
HPRegen  0.20/turn              (no ring)
MPRegen  0.10/turn              o - ring of poison resistance

@: lethally poisoned (0 -> -1)
A: retaliatory headbutt, horns 2
a: no special abilities


You were on level 5 of the Dungeon.
You were not hungry.

You visited 1 branch of the dungeon, and saw 5 of its levels.

You collected 234 gold pieces.

Inventory:

Hand Weapons
 a - a +0 quarterstaff (weapon)
Missiles
 d - 3 throwing nets (quivered)
Armour
 b - a +0 leather armour (worn)
 c - a +0 hat (worn)
 k - a +0 buckler
Jewellery
 o - a ring of poison resistance (right hand)
 p - an uncursed ring of protection from fire {unknown}
 v - an uncursed amulet of harm {unknown}
Wands
 q - a wand of polymorph (21)
Scrolls
 g - 2 scrolls of enchant weapon
 i - a scroll of immolation
 m - 5 scrolls of teleportation {unknown}
 n - a scroll of magic mapping {unknown}
 r - a scroll of enchant armour {unknown}
 s - 2 scrolls of identify
 u - a scroll of remove curse
Potions
 e - 2 potions of degeneration {unknown}
 h - 2 potions of haste {unknown}
 l - 3 potions of flight {unknown}
 t - 4 potions of lignification {unknown}
 w - a potion of might {unknown}
 x - 2 potions of heal wounds {unknown}
 A - a potion of cancellation {unknown}
Comestibles
 f - 8 rations


   Skills:
 - Level 2.4 Fighting
 * Level 11.8 Staves
 - Level 2.0 Throwing
 - Level 3.2 Dodging


You had 7 spell levels left.
You didn't know any spells.

Dungeon Overview and Level Annotations

Branches:
Dungeon (5/15)
 Temple: D:4-7

Altars:
Makhleb
Trog

Shops:
D:4 [


Innate Abilities, Weirdness & Mutations

You reflexively headbutt those who attack you in melee.
You have a pair of horns on your head.


Message History

You bump into the rock wall.
You feel less confused. The orc hits you with a dagger.
* * * LOW HITPOINT WARNING * * *
You closely miss the orc. You headbutt the orc.
The orc is lightly wounded.
You feel sick.
You sock the orc!
You kill the orc!
The orc wizard hits you but does no damage.
You see here a dagger.
You miss the orc wizard. The orc wizard barely misses you.
You sock the orc wizard! Your headbutt misses the orc wizard.
The orc wizard is almost dead.
You feel sick.
You miss the orc wizard. Your headbutt misses the orc wizard.
The orc wizard is almost dead.
The orc wizard gestures at you while chanting.
The magic dart hits you!
You die...

.........######
#.#
..............#
#.#
#############.#
#o# #.# #o# #.#
#.# #.# #.# #.#
#.# #.####.#
#...@o.#
########


You could see an orc wizard.

Vanquished Creatures
  The ghost of Jaiteiro the Poker, an amateur CeWr (D:4)
  Grinder (D:3)
  Blork the orc (D:5)
  3 orc priests (D:4)
  2 hounds
  6 orc wizards
  An iguana (D:5)
  5 worker ants
  A worker ant zombie (D:5)
  12 adders
  5 dart slugs
  6 leopard geckos
  16 orcs
  6 bats
  3 giant cockroaches
  4 goblins
  9 hobgoblins
  7 jackals
  7 kobolds
  A ball python (D:3)
  5 frilled lizards
  A leopard gecko skeleton (D:4)
  8 rats
111 creatures vanquished.

Notes
Turn   | Place    | Note
-------+----------+-------------------------------------------
     0 | D:1      | diana the Minotaur Gladiator began the quest for the Orb.
     0 | D:1      | Reached XP level 1. HP: 18/18 MP: 0/0
   230 | D:1      | Reached skill level 4 in Staves
   238 | D:1      | Reached XP level 2. HP: 22/25 MP: 1/1
   578 | D:1      | Reached skill level 5 in Staves
   625 | D:1      | Reached XP level 3. HP: 21/30 MP: 2/2
   966 | D:2      | Reached skill level 6 in Staves
   966 | D:2      | Reached XP level 4. HP: 33/37 MP: 3/3
  1593 | D:3      | Found a bloodstained altar of Trog.
  1711 | D:3      | Found a burning altar of Makhleb.
  1717 | D:3      | Noticed Grinder
  1725 | D:3      | Reached XP level 5. HP: 30/42 MP: 4/4
  1736 | D:3      | Killed Grinder
  1736 | D:3      | Reached skill level 8 in Staves
  1736 | D:3      | Reached XP level 6. HP: 37/50 MP: 5/5
  2042 | D:3      | Reached skill level 9 in Staves
  2498 | D:4      | Reached XP level 7. HP: 48/56 MP: 6/6
  2602 | D:4      | Noticed Jaiteiro's ghost (amateur CeWr)
  2620 | D:4      | Reached skill level 10 in Staves
  2667 | D:4      | Killed Jaiteiro's ghost
  2809 | D:4      | Found Ateulad's Armour Boutique.
  3033 | D:5      | Entered Level 5 of the Dungeon
  3055 | D:5      | Reached skill level 11 in Staves
  3165 | D:5      | Reached XP level 8. HP: 43/62 MP: 7/7
  3192 | D:5      | Noticed Blork the orc
  3197 | D:5      | Killed Blork the orc
  3286 | D:5      | Killed from afar by an orc wizard

Skill      XL: |  1  2  3  4  5  6  7 |
---------------+----------------------+-----
Staves         | 4 5 6 8 9 11 | 11.8
Fighting       | |  2.4
Throwing       | |  2.0
Dodging        | |  3.2

Action                   |  1- 3 |  4- 6 |  7- 9 || total
-------------------------+-------+-------+-------++-------
Melee: Quarterstaff      |    58 |    88 |    99 ||   245
       Headbutt          |     7 |    17 |    17 ||    41
       Unarmed           |       |    15 |       ||    15
  Use: Scroll            |     3 |       |       ||     3
       Potion            |       |       |     3 ||     3
  Eat: Chunk             |       |     4 |     4 ||     8
Armor: Leather armour    |    15 |    15 |    13 ||    43
Dodge: Dodged            |    46 |    65 |    40 ||   151
